 Dungeon Crawl Stone Soup version 0.30-a0-1176-gcdfb0321a8 (webtiles) character file.

Game seed: 10328640842668656252

2 IndexError the Firebug (level 1, -1/13 HPs)
             Began as a Demonspawn Fire Elementalist on Apr 28, 2023.
             Slain by a giant cockroach (2 damage)
             ... on level 1 of the Dungeon on Apr 30, 2023.
             The game lasted 00:00:41 (108 turns).

IndexError the Firebug (DsFE)                        Turns: 108, Time: 00:00:42

Health: -1/13      AC:  2    Str:  8    XL:     1   Next: 33%
Magic:  3/3        EV: 12    Int: 16    God:
Gold:   10         SH:  0    Dex: 13    Spells: 3/4 levels left

rFire   . . .        (no weapon)
rCold   . . .        (no shield)
rNeg    . . .        a - +0 robe
rPois   .            (no helmet)
rElec   .            (no cloak)
rCorr   .            (no gloves)
SInv    .            (no boots)
Will    .....        (no amulet)
Stlth   ++           (no ring)
HPRegen 0.22/turn    (no ring)
MPRegen 0.08/turn

%: no passive effects
@: no status effects
A: no striking features
a: no special abilities


You were on level 1 of the Dungeon.
You visited 1 branch of the dungeon, and saw 1 of its levels.

You collected 10 gold pieces.

Inventory:

Armour
 a - a +0 robe (worn)
Potions
 b - a potion of magic
 c - a potion of degeneration {unknown}


   Skills:
 - Level 1.7 Dodging
 - Level 1.7 Stealth
 + Level 2.1 Spellcasting
 - Level 1.0 Conjurations
 + Level 2.8 Fire Magic


You had 3 spell levels left.
You knew the following spells:

 Your Spells              Type           Power      Damage    Failure   Level
a - Foxfire               Conj/Fire      28%        2x1d5     10%         1

Your spell library contained the following spells:

 Spells                   Type           Power      Damage    Failure   Level
 Scorch                   Fire           20%        2d6       10%         2
 Inner Flame              Hex/Fire       6%         N/A       34%         3
 Volatile Blastmotes      Fire/Tloc      12%        2d11      34%         3
 Flame Wave               Conj/Fire      7%         2d5       67%         4


Dungeon Overview and Level Annotations

Branches:
Dungeon (1/15)

Altars:


Message History

A quokka comes into view.
The bat barely misses you.
You take 1 damage, and have 7/13 hp.
You hit the bat. The bat barely misses you. The bat closely misses you.
You hit the bat. The bat hits you but does no damage. The bat misses you.
You closely miss the bat. The bat hits you but does no damage.
The hobgoblin attacks as you move away! The hobgoblin misses you.
The bat hits you.
You take 1 damage, and have 7/13 hp.
The hobgoblin attacks as you move away! The hobgoblin misses you.
The bat misses you. The bat barely misses you.
The quokka twitches its whiskers.
A giant cockroach comes into view.
The bat hits you. The bat hits you but does no damage.
You take 1 damage, and have 6/13 hp.
A bat and a dart slug come into view.
The bat hits you but does no damage.
Saving game... please wait.
Options error: Missing colour in message_colour setting: 'that.*feels deathly cold' Options error: Missing colour in message_colour setting: 'mortal' Options error: Missing colour in message_colour setting: 'so you fail to move' Options error: Missing colour in message_colour setting: 'and you must be Full or above to equip it' Options error: Missing colour in message_colour setting: 'mortal' Options error: Missing colour in message_colour setting: 'saying\' Options error: Missing colour in message_colour setting: '\"No\' Options error: Missing colour in message_colour setting: 'no\' Options error: Missing colour in message_colour setting: 'no!\"' Options error: Missing colour in message_colour setting: 'but rights himself reflexively soon after' Options error: Missing colour in message_colour setting: 'before it is too late' Options error: Missing colour in message_colour setting: 'and clutches his wounds' Options error: Missing colour in message_colour setting: '\"What am I doing in here\?\"' Options error: Missing colour in message_colour setting: 'briefly' Options error: Missing colour in message_colour setting: 'now there\.\"' Options error: Missing colour in message_colour setting: 'my child' Options error: Missing colour in message_colour setting: 'mortal' Options error: Missing colour in message_colour setting: 'you see no one' Options error: Missing colour in message_colour setting: 'you\'re it!\"' Options error: Missing colour in message_colour setting: 'Boring in death\"' Options error: Missing colour in message_colour setting: 'baby\' Options error: Missing colour in message_colour setting: 'burn!\"' Options error: Missing colour in message_colour setting: 'mortal\.\"' Options error: Missing colour in message_colour setting: 'my child!\"' Options error: Missing colour in message_colour setting: 'this looks better\.\"' Options error: Missing colour in message_colour setting: 'my child!\"' Options error: Missing colour in message_colour setting: 'my (child|children)!\"' Options error: Missing colour in message_colour setting: 'stopping explore' Options error: Missing colour in message_colour setting: 'Shift\-Dir \- straight line' Options error: Missing colour in message_colour setting: 'f \- you' Options error: Bad colour 'boring' in message_colour setting: 'boring:disappears without a glow' Options error: Bad colour 'boring' in message_colour setting: 'boring:disappears without a sign' Options error: Bad colour 'boring' in message_colour setting: 'boring:disappears into the void' Options error: Bad colour 'boring' in message_colour setting: 'boring:glow with a rainbow of weird colours and disappear' Options error: Bad colour 'boring' in message_colour setting: 'boring:glows slightly and disappears' Options error: Bad colour 'boring' in message_colour setting: 'boring:is slowly consumed by flames' Options error: Bad colour 'boring' in message_colour setting: 'boring:slowly burns to ash' Options error: Bad colour 'boring' in message_colour setting: 'boring:slowly crumbles into the ground' Options error: Bad colour 'boring' in message_colour setting: 'boring:shimmers? and breaks? into pieces' Options error: Bad colour 'boring' in message_colour setting: 'boring:stares at you suspiciously for a moment' Options error: Bad colour 'boring' in message_colour setting: 'boring:trembles before you' Options error: Bad colour 'boring' in message_colour setting: 'boring:You feel mildly nauseous' Options error: Bad colour 'boring' in message_colour setting: 'boring:Multicoloured lights dance around' Options error: Unknown explore stop condition 'greedy_sacrificeable' (~/.crawlrc:7640) Bad channel name 'Jiyva says' for runrest: 'Jiyva says: Divide and consume' Welcome back, IndexError the Demonspawn Fire Elementalist.
Press ? for a list of commands and other information.
Unknown command.
Unknown command.
Unknown command.
Unknown command.
Unknown command.
Unknown command.
Unknown command.
Unknown command.
Unknown command.
Unknown command.
Unknown command.
Unknown command.
Unknown command.
Unknown command.
Unknown command.
Unknown command.
Unknown command.
Unknown command.
Unknown command.
Unknown command.
Unknown command.
Unknown command.
The bat closely misses you. The bat hits you. The hobgoblin barely misses you.
You take 1 damage, and have 6/13 hp.
A ball python comes into view.
The hobgoblin hits you.
* * * LOW HITPOINT WARNING * * *
You take 4 damage, and have 2/13 hp.
MASSIVE DAMAGE!!
The bat completely misses you. The giant cockroach barely misses you.
The hobgoblin hits you.
* * * LOW HITPOINT WARNING * * *
You take 1 damage, and have 1/13 hp.
The bat hits you but does no damage. The giant cockroach bites you.
You die...

####....####.#
#.##....#### #..
#......#### ###
###†##....# .. ###
#.#####.# .... ...#.#
#.##.....
#.#.#####.......?
.####.b.#r..S..#.....
...w.bB@gK###..# ####
.##.##..### ##!#
.....# .# #...#.## .b
#..... ... ?....##
.... ###.. ... ..


You could see a dart slug, a quokka, a giant cockroach, a hobgoblin, 2 bats, a
ball python (wandering) and a kobold.

Vanquished Creatures
  An endoplasm (D:1)
  A hobgoblin (D:1)
2 creatures vanquished.

Vanquished Creatures (others)
  7 foxfires (D:1)
7 creatures vanquished.

Grand Total: 9 creatures vanquished

Notes
Turn   | Place    | Note
-------+----------+-------------------------------------------
     0 | D:1      | IndexError the Demonspawn Fire Elementalist began the quest
                  | for the Orb.
     0 | D:1      | Reached XP level 1. HP: 13/13 MP: 3/3
   104 | D:1      | Upgraded the game from 0.30-a0-1163-gf69bf04e7a to
                  | 0.30-a0-1176-gcdfb0321a8
   106 | D:1      | HP: 2/13 [hobgoblin (4)]
   108 | D:1      | Slain by a giant cockroach

Illustrated notes

Levels and vault maps discovered:
D:1:      roderic_crop_circles_arrival_small, layout_rooms, minmay_pentomino_q4

Action                     || total
---------------------------++-------
  Melee: Unarmed           ||    12
   Cast: Foxfire           ||     4
 Armour: Robe              ||     8
  Dodge: Dodged            ||    18

Table legend: (Time is in decaauts)
 A = Elapsed time spent in this place.
 B = Non-inter-level travel time spent in this place.
 C = Inter-level travel time spent in this place.
 D = Time resting spent in this place.
 E = Time spent auto-exploring this place.
 F = Levels seen in this place.
 G = Mean time per level.
                   A        B        C        D        E       F      G
               +--------+--------+--------+--------+--------+-----+--------+
         Total |    108 |    108 |      0 |      7 |     55 |   1 |  108.0 |
       Dungeon |    108 |    108 |      0 |      7 |     55 |   1 |  108.0 |
               +--------+--------+--------+--------+--------+-----+--------+

Top non-repeatable levels by time:
     D:1: 108 daAuts

Levels and vault maps discovered:
D:1:      roderic_crop_circles_arrival_small, layout_rooms, minmay_pentomino_q4

Table legend: (Time is in decaauts)
 A = Elapsed time spent in this place.
 B = Non-inter-level travel time spent in this place.
 C = Inter-level travel time spent in this place.
 D = Time resting spent in this place.
 E = Time spent auto-exploring this place.
 F = Levels seen in this place.
 G = Mean time per level.
                   A        B        C        D        E       F      G
               +--------+--------+--------+--------+--------+-----+--------+
         Total |    108 |    108 |      0 |      7 |     55 |   1 |  108.0 |
       Dungeon |    108 |    108 |      0 |      7 |     55 |   1 |  108.0 |
               +--------+--------+--------+--------+--------+-----+--------+

Top non-repeatable levels by time:
     D:1: 108 daAuts

Table legend:
 A = Kills in this place as a percentage of kills in the entire game.
 B = Kills by you in this place as a percentage of kills by you in the entire game.
 C = Kills by friends in this place as a percentage of kills by friends in the entire game.
 D = Other kills in this place as a percentage of other kills in the entire game.
 E = Experience gained in this place as a percentage of experience gained in the entire game.
 F = Experience gained in this place divided by the number of levels of this place that you have seen.
                   A       B       C       D       E      F
               +-------+-------+-------+-------+-------+----------------------
         Total | 100.0 | 100.0 |   N/A |   N/A | 100.0 |   4.0
       Dungeon | 100.0 | 100.0 |   N/A |   N/A | 100.0 |   4.0
               +-------+-------+-------+-------+-------+----------------------
